 Dungeon Crawl Stone Soup version 0.28-a0-401-ge240ad9e29 (webtiles) character file.

Game seed: 8061258446844167322

427 jalala the Magician (level 7, -9/51 HPs)
             Began as a Djinni Ice Elementalist on Sept 4, 2021.
             Was a Believer of Zin.
             Mangled by a wyvern skeleton (11 damage)
             ... on level 5 of the Dungeon.
             The game lasted 00:08:02 (5492 turns).

jalala the Magician (Djinni Ice Elementalist)       Turns: 5492, Time: 00:08:03

Health: -9/51      AC:  3    Str:  7    XL:     7   Next: 18%
Gold:   84         EV: 11    Int: 19    God:    Zin [**....] SH:  0 Dex: 13

rFire   + + .      SeeInvis .   u - +2 hand axe (venom)
rCold   x . .      Faith    .   (no shield)
rNeg    . . .      Spirit   .   r - +0 leather armour
rPois   ∞          Reflect  .   (no helmet)
rElec   .          Harm     .   (no cloak)
rCorr   .          Rampage  .   (no gloves)
Will    .....                   (boots unavailable)
Stlth   ++........              (no amulet)
HPRegen 0.17/turn               (no ring)
MPRegen 0.00/turn               (no ring)

@: flying
A: sickness immunity, fire resistance 2, cold vulnerability 1, float, innate
caster, hp casting, extra vitality 1
a: Renounce Religion, Recite, Vitalisation, Donate Gold


You were on level 5 of the Dungeon.
You worshipped Zin.
Zin was pleased with you.
You visited 1 branch of the dungeon, and saw 5 of its levels.

You collected 93 gold pieces.
You donated 9 gold pieces to Zin.

Inventory:

Hand Weapons
 u - a +2 hand axe of venom (weapon)
Armour
 a - a +0 robe
 r - a +0 leather armour (worn)
Scrolls
 d - 4 scrolls of identify {unknown}
 g - 2 scrolls of teleportation {unknown}
 h - a scroll of magic mapping {unknown}
 l - a scroll of immolation {unknown}
 o - a scroll of summoning {unknown}
 p - a scroll of fear {unknown}
 q - 2 scrolls of enchant armour {unknown}
 t - a scroll of noise {unknown}
Potions
 b - a potion of ambrosia {unknown}
 c - a potion of might {unknown}
 e - 2 potions of degeneration {unknown}
 f - a potion of berserk rage {unknown}
 i - a potion of flight {unknown}
 j - a potion of curing {unknown}
 k - a potion of attraction {unknown}
 m - a potion of invisibility {unknown}
 s - a potion of mutation {unknown}


   Skills:
 + Level 3.7 Fighting
 - Level 2.1 Dodging
 - Level 1.5 Stealth
 * Level 5.4 Spellcasting


You couldn't memorise any spells.
You knew the following spells:

 Your Spells              Type           Power      Damage    Failure   Level
a - Freeze                Ice            100%       1d11      1%          1
b - Frozen Ramparts       Ice            52%        1d7       5%          3
c - Ozocubu's Armour      Ice            26%        N/A       5%          3
d - Magic Dart            Conj           100%       1d8       1%          1
e - Hailstorm             Conj/Ice       26%        3d7       19%         4
f - Slow                  Hex            26%        N/A       2%          2
g - Portal Projectile     Hex/Tloc       52%        N/A       5%          3
Your spell library was empty.

Dungeon Overview and Level Annotations

Branches:
Dungeon (5/15)
 Temple: D:4-7

Altars:
Zin

Annotations:
D:5 Eustachio


Innate Abilities, Weirdness & Mutations

You are immune to sickness and miasma.
You are immune to poison.
Your flesh is very heat resistant. (rF++)
You are vulnerable to cold. (rC-)
You float through the air rather than walking.
You learn spells naturally, not from books.
Your magical power is your life essence.
You have superior vitality. (+4 HP)


Message History

Aiming: Magic Dart (safe; 1% risk of failure)
Press: ? - help, Shift-Dir - straight line, f/p - wyvern skeleton
Aim: a wyvern skeleton (heavily damaged, 100% to hit)
The magic dart hits the wyvern skeleton.
The wyvern skeleton is severely damaged.
* * * LOW HITPOINT WARNING * * *
The wyvern skeleton bites you.
* * * LOW HITPOINT WARNING * * *
Your magical contamination has completely faded away.
Casting: Magic Dart (safe; 1% risk of failure)
Confirm with . or Enter, or press ? or * to list all spells.
Aiming: Magic Dart (safe; 1% risk of failure)
Press: ? - help, Shift-Dir - straight line, f/p - wyvern skeleton
Aim: a wyvern skeleton (severely damaged, 100% to hit)
The magic dart hits the wyvern skeleton.
The wyvern skeleton is severely damaged.
* * * LOW HITPOINT WARNING * * *
The wyvern skeleton bites you.
* * * LOW HITPOINT WARNING * * *
The wyvern skeleton bites you but does no damage.
Casting: Magic Dart (safe; 1% risk of failure)
Confirm with . or Enter, or press ? or * to list all spells.
Aiming: Magic Dart (safe; 1% risk of failure)
Press: ? - help, Shift-Dir - straight line, f/p - wyvern skeleton
Aim: a wyvern skeleton (severely damaged, 100% to hit)
The magic dart hits the wyvern skeleton.
The wyvern skeleton is almost destroyed.
* * * LOW HITPOINT WARNING * * *
The wyvern skeleton misses you.
Unknown command.
Casting: Magic Dart (safe; 1% risk of failure)
Confirm with . or Enter, or press ? or * to list all spells.
Aiming: Magic Dart (safe; 1% risk of failure)
Press: ? - help, Shift-Dir - straight line, f/p - wyvern skeleton
Aim: a wyvern skeleton (almost destroyed, 100% to hit)
The magic dart hits the wyvern skeleton.
The wyvern skeleton is almost destroyed.
* * * LOW HITPOINT WARNING * * *
The wyvern skeleton bites you!
You die...

#...#........# .....
#...#........# .....
#...#........#
......#...#........#
......#...#........#
......#####........#
...................#
...................#
......†@...........#
........Z..........#
.....).............#
...................#
...................#
......##+##........#
...... ........#
...... ........#
........#


You could see a wyvern skeleton.

Vanquished Creatures
  A black bear (D:4)
  An ogre (D:4)
  A centaur zombie (D:4)
  A hound (D:5)
  2 orc priests
  An orc wizard (D:3)
  3 adders (D:2)
  3 worms
  3 dart slugs
  5 orcs
  4 ball pythons
  A bat (D:3)
  3 endoplasms (D:2)
  A giant cockroach (D:1)
  4 goblins
  2 hobgoblins
  13 jackals
  A quokka (D:5)
  7 frilled lizards
  3 kobolds
  3 rats
63 creatures vanquished.

Notes
Turn   | Place    | Note
-------+----------+-------------------------------------------
     0 | D:1      | jalala the Djinni Ice Elementalist began the quest for the
                  | Orb.
     0 | D:1      | Reached XP level 1. HP: 15/15 MP: 0/0
   240 | D:1      | Reached XP level 2. HP: 15/22 MP: 0/0
   732 | D:1      | Found a faded altar of an unknown god.
   736 | D:1      | Became a worshipper of Zin the Law-Giver
   736 | D:1      | Reached * piety under Zin
  1075 | D:2      | Reached skill level 1 in Fighting
  1360 | D:2      | Reached XP level 3. HP: 11/27 MP: 0/0
  1360 | D:2      | Learned a level 1 spell: Magic Dart
  2071 | D:2      | Reached skill level 4 in Spellcasting
  2071 | D:2      | Reached XP level 4. HP: 30/33 MP: 0/0
  3424 | D:3      | Reached XP level 5. HP: 17/38 MP: 0/0
  3424 | D:3      | Learned a level 2 spell: Slow
  4088 | D:4      | Reached ** piety under Zin
  4262 | D:4      | Noticed a black bear
  4269 | D:4      | Killed a black bear
  4270 | D:4      | Reached skill level 5 in Spellcasting
  4270 | D:4      | Reached XP level 6. HP: 29/46 MP: 0/0
  4399 | D:4      | Noticed an ogre
  4410 | D:4      | Killed an ogre
  4804 | D:4      | Reached XP level 7. HP: 48/50 MP: 0/0
  4804 | D:4      | Learned a level 3 spell: Portal Projectile
  4882 | D:5      | Entered Level 5 of the Dungeon
  4910 | D:5      | Noticed Eustachio
  5492 | D:5      | Mangled by a wyvern skeleton

Illustrated notes

Levels and vault maps discovered:
D:1:      lemuel_arrival_behind_the_door_small, layout_basic,
          hellmonk_ecumenical_altar_heavens_door
D:2:      layout_loops_ring
D:3:      layout_loops_cross
D:4:      layout_loops_ring
D:5:      layout_gridville, mainiacjoe_overflow_alcove_1,
          ebering_ghost_reflecting_pool, hangedman_decor_opposing,
          uniq_eustachio

Skill      XL: |  1  2  3  4  5 |
---------------+----------------+-----
Fighting       | 1 2 3 |  3.7
Spellcasting   | 4 5 |  5.4
Dodging        | |  2.1
Stealth        | |  1.5

Action                   |  1- 3 |  4- 6 |  7- 9 || total
-------------------------+-------+-------+-------++-------
Melee: Unarmed           |     7 |       |       ||     7
       Whip              |       |    14 |     8 ||    22
 Cast: Freeze            |    45 |    24 |     6 ||    75
       Magic Dart        |    11 |    53 |    12 ||    76
       Frozen Ramparts   |       |     5 |     3 ||     8
       Ozocubu's Armour  |       |     3 |     2 ||     5
 Stab: Sleeping          |     1 |     1 |       ||     2
Armor: Robe              |     7 |    10 |       ||    17
       Leather armour    |       |       |    11 ||    11
Dodge: Dodged            |    26 |    31 |    18 ||    75

Table legend: (Time is in decaauts)
 A = Elapsed time spent in this place.
 B = Non-inter-level travel time spent in this place.
 C = Inter-level travel time spent in this place.
 D = Time resting spent in this place.
 E = Time spent auto-exploring this place.
 F = Levels seen in this place.
 G = Mean time per level.
                   A        B        C        D        E       F      G
               +--------+--------+--------+--------+--------+-----+--------+
         Total |   5495 |   5373 |    122 |    184 |   4669 |   5 | 1099.0 |
       Dungeon |   5495 |   5373 |    122 |    184 |   4669 |   5 | 1099.0 |
               +--------+--------+--------+--------+--------+-----+--------+

Top non-repeatable levels by time:
     D:2: 1677 daAuts
     D:4: 1379 daAuts
     D:3: 1239 daAuts
     D:1: 1038 daAuts
     D:5: 159 daAuts
